 Dungeon Crawl Stone Soup version 0.30-a0-540-g0af01429fa (webtiles) character file.

Game seed: 421964536573468294

9 drugrobin the Sneak (level 1, 0/27 HPs)
             Began as a Demigod Delver on Dec 25, 2022.
             Succumbed to a scorpion's poison
             ... on level 5 of the Dungeon.
             The game lasted 00:00:56 (259 turns).

drugrobin the Sneak (Demigod Delver)                 Turns: 259, Time: 00:00:56

Health: 0/27       AC: 20    Str: 13    XL:     1   Next: 86%
Magic:  3/3        EV:  2    Int: 12    God:
Gold:   35         SH:  0    Dex: 15    Spells: 0/0 levels left

rFire   . . .      SeeInvis .      - Unarmed
rCold   . . .      Faith    .    (no shield)
rNeg    . . .      Spirit   .    (body armour currently unavailable)
rPois   +          Reflect  .    (helmet currently unavailable)
rElec   .          Harm     .    (cloak currently unavailable)
rCorr   .          Rampage  .    (gloves currently unavailable)
Will    .....      NoTele   +    (boots currently unavailable)
Stlth   +++                      (no amulet)
HPRegen 0.24/turn                (no ring)
MPRegen 0.08/turn                (no ring)

@: lethally poisoned (0 -> -6), tree-form, weak-willed
A: stationary, stasis, torment immunity, boosted hp, high MP 1, forlorn, divine
attributes
a: no special abilities


You were on level 5 of the Dungeon.
You were a tree.
You visited 1 branch of the dungeon, and saw 1 of its levels.

You collected 35 gold pieces.

Inventory:

Armour
 a - a +0 leather armour (melded)
Wands
 f - a wand of digging (3)
Scrolls
 b - a scroll of fog
 c - a scroll of magic mapping
 i - a scroll of summoning {unknown}
 j - a scroll of identify {unknown}
Potions
 e - a potion of haste


   Skills:
 - Level 2.6 Fighting
 - Level 1.7 Dodging
 - Level 4.5 Stealth
 + Level 2.5 Unarmed Combat


You couldn't memorise any spells.
You didn't know any spells.
Your spell library was empty.

Dungeon Overview and Level Annotations

Branches:
Dungeon (5/15)
 Temple: D:4-7


Innate Abilities, Weirdness & Mutations

You are a tree.
Your roots penetrate the ground, keeping you stationary.
You cannot be teleported.
You are immune to unholy pain and torment.
Your maximum health is greatly increased.
Your equipment is partially melded.
You have an increased reservoir of magic. (+10% MP)
You shall have no god before yourself.
Your divine heritage dramatically boosts your attributes as you level up.


Message History

Okay, then.
The scorpion attacks as you move away! The scorpion barely misses you.
The scorpion stings you.
You are poisoned.
The scorpion poisons you! The scorpion attacks as you move away!
The scorpion barely misses you.
You feel very sick.
You feel very sick. The scorpion attacks as you move away!
The scorpion stings you.
You feel sick.
As you read the scroll labelled XODETOSTR TABBIENN, it crumbles to dust.
Magic quickly surges around you.
It was a scroll of vulnerability.
You feel sick. The scorpion stings you.
* * * LOW HITPOINT WARNING * * *
You are more poisoned.
The scorpion poisons you!
Unknown command.
It was a potion of lignification.
You turn into a tree.
Your +0 leather armour melds into your body.
Your roots penetrate the ground.
* * * LOW HITPOINT WARNING * * *
You feel very sick. The scorpion completely misses you.
The scorpion stings you but does no damage.
Unknown command.
Unknown command.
Unknown command.
Unknown command.
Unknown command.
You smack the scorpion!
The scorpion is heavily wounded.
* * * LOW HITPOINT WARNING * * *
You feel sick.
The scorpion stings you but does no damage.
Unknown command.
Unknown command.
Unknown command.
Unknown command.
You hit the scorpion but do no damage.
The scorpion is heavily wounded.
You die...

#.##..##.##############
##.##..................#
.........#######.######.#
....####.# #.# #.# ###
#.# #.# #.# #.#### #.#
#.# #....# #.# ###.#
#####.#########...#
#(....s♣.[#.....#######
#.#.#.#.#.###.#.......#
##.......## #.#.#####.#
###.#.### #.#.# #.#
#.....!.# #.#.# #.#
##.#.#.## #.#.# #.#
##..l## #.#.# #.# #..#..
#.#.# #.# ##(.. ..#.# #.#


You could see a scorpion (weak-willed).

Vanquished Creatures
  An adder (D:5)
1 creature vanquished.

Notes
Turn   | Place    | Note
-------+----------+-------------------------------------------
     0 | D:5      | drugrobin the Demigod Delver began the quest for the Orb.
     0 | D:5      | Reached XP level 1. HP: 18/18 MP: 3/3
   207 | D:5      | Noticed a scorpion
   233 | D:5      | Noticed an iguana
   233 | D:5      | Noticed an iguana
   258 | D:5      | HP: 1/27 [poisoned by a scorpion]
   259 | D:5      | Succumbed to a scorpion's poison

Illustrated notes

Levels and vault maps discovered:
D:5:      minmay_spotlight, layout_loops_ring

Skill      XL: |  1 |
---------------+----+-----
Unarmed Combat | 2 |  2.5
Fighting       | |  2.6
Dodging        | |  1.7
Stealth        | |  4.5

Action                   || total
-------------------------++-------
Melee: Unarmed           ||     9
Evoke: Wand              ||     1
  Use: Scroll            ||     2
       Potion            ||     1
Armor: Skin              ||     2
       Leather armour    ||     1
Dodge: Dodged            ||     6

Table legend: (Time is in decaauts)
 A = Elapsed time spent in this place.
 B = Non-inter-level travel time spent in this place.
 C = Inter-level travel time spent in this place.
 D = Time resting spent in this place.
 E = Time spent auto-exploring this place.
 F = Levels seen in this place.
 G = Mean time per level.
                   A        B        C        D        E       F      G
               +--------+--------+--------+--------+--------+-----+--------+
         Total |    258 |    258 |      0 |     57 |    128 |   1 |  258.0 |
       Dungeon |    258 |    258 |      0 |     57 |    128 |   1 |  258.0 |
               +--------+--------+--------+--------+--------+-----+--------+

Top non-repeatable levels by time:
     D:5: 258 daAuts
